 Dungeon Crawl Stone Soup version 0.22-a0-445-g8c8ef71 (webtiles) character file.

45702 namelastname112 the Covert (level 14, -1/77 HPs)
             Began as a Vine Stalker Assassin on June 2, 2018.
             Was the Champion of Dithmenos.
             Slain by a five-headed hydra (5 damage)
             ... on level 6 of the Lair of Beasts.
             The game lasted 00:41:26 (16037 turns).

namelastname112 the Covert (Vine Stalker Assassin) Turns: 16037, Time: 00:41:27

Health: -1/77      AC: 10    Str: 17    XL:     14   Next: 34%
Magic:  0/15       EV:  2    Int: 11    God:    Dithmenos [******]
Gold:   1305       SH:  0    Dex: 31    Spells: 13/13 levels left

rFire    + . .     SeeInvis .   y - +1 dagger of Spontaneous Combustion {pierce, Dex+7}
rCold    + . .     Gourm    .   (no shield)
rNeg     + + +     Faith    .   M - +0 troll leather armour
rPois    ∞         Spirit   +   (helmet restricted)
rElec    .         Reflect  .   G - +0 cloak {MR+}
rCorr    .         Harm     .   p - +0 pair of gloves
MR       ++...                  w - +1 pair of boots
Stlth    ++++++....             V - amulet of magic regeneration
HPRegen  1.42/turn              a - ring of protection from fire
MPRegen  0.39/turn              c - ring of protection from cold

@: petrified, frozen, wreathed by umbra, very slow
A: antennae 1, fangs 3, slimy green scales 1, agile 1, regeneration 2, strong 2,
evolution 1, magic shield, antimagic bite, no potion heal 3, rot immunity
a: Shadow Step, Shadow Form, Renounce Religion


You were on level 6 of the Lair of Beasts.
You worshipped Dithmenos.
Dithmenos was exalted by your worship.
You were hungry.

You visited 3 branches of the dungeon, and saw 19 of its levels.

You collected 1473 gold pieces.
You spent 168 gold pieces at shops.

Inventory:

Hand Weapons
 b - a +1 blowgun
 d - a +0 dagger of chaos
 y - the +1 dagger of Spontaneous Combustion (weapon) {pierce, Dex+7}
   (You bought it in a shop on level 5 of the Dungeon)

   It inflicts extra damage upon your enemies.
   It affects your dexterity (+7).
Missiles
 e - 14 poisoned needles
 f - 2 curare-tipped needles
 i - 16 needles of confusion
 v - 4 needles of sleeping
Armour
 p - a +0 pair of gloves (worn)
 w - a +1 pair of boots (worn)
 G - a +0 cloak of magic resistance (worn)
 M - a +0 troll leather armour (worn)
Jewellery
 a - a ring of protection from fire (left hand)
 c - a ring of protection from cold (right hand)
 t - an uncursed ring of ice
 u - an uncursed ring of protection from magic
 F - a +5 ring of intelligence
 V - an amulet of magic regeneration (around neck)
Wands
 l - a wand of digging (7)
 n - a wand of polymorph (41)
 q - a wand of acid (7)
 A - a wand of disintegration (46)
 D - a wand of scattershot (5)
 E - a wand of paralysis (27)
 P - a wand of enslavement (26)
 Q - a wand of iceblast (17)
 U - a wand of random effects (17)
Scrolls
 h - 3 scrolls of teleportation
 s - 6 scrolls of remove curse
 x - 4 scrolls of amnesia
 B - a scroll of magic mapping
 C - 3 scrolls of enchant armour
 H - 6 scrolls of identify
 I - a scroll of fear
 J - a scroll of blinking
 L - a scroll of fog
 N - a scroll of enchant weapon
Potions
 j - 5 potions of curing
 k - 5 potions of brilliance
 m - 4 potions of agility
 o - 3 potions of flight
 r - 5 potions of cancellation
 z - a potion of might
 K - a potion of ambrosia
 O - a potion of heal wounds {unknown}
 R - a potion of invisibility
 W - a potion of haste {unknown}
Miscellaneous
 S - a lightning rod (3/4)
 T - a fan of gales
Comestibles
 g - 30 rations


   Skills:
 + Level 10.4 Fighting
 + Level 10.4 Short Blades
 + Level 10.4 Throwing
 + Level 9.4 Dodging
 + Level 14.6 Stealth


You had 13 spell levels left.
You didn't know any spells.
Your spell library was empty.

Dungeon Overview and Level Annotations

Branches:
Dungeon (12/15)            Temple (1/1) D:5            Lair (6/6) D:11
 Shoals (0/4) Lair:3       Spider (0/4) Lair:3          Orc (0/2) D:12
  Slime: Lair:5-6

Altars:
Cheibriados
Dithmenos
Kikubaaqudgha
Makhleb
Nemelex Xobeh
Okawaru
Qazlal
Ru
Uskayaw
Wu Jian
Yredelemnul
The Shining One

Shops:
D:5 =}(=[   D:7 !   D:8 :[**}   D:12 ?

Annotations:
D:4 Gorglomux's ghost, novice DDFi; Menkaure
Lair:2 exclusion: 4 oklob plants


Innate Abilities, Weirdness & Mutations

You have razor-sharp teeth.
You heal very quickly.
When hurt, damage is shared between your health and your magic reserves.
Your bite disrupts and absorbs the magic of your enemies.
Potions cannot restore your health.
You are immune to rotting.
You have a pair of small antennae on your head.
You are partially covered in slimy green scales. (AC +2)
You are agile. (Dex +2)
Your muscles are very strong. (Str +4)
You evolve.


Message History

* * * LOW HITPOINT WARNING * * *
The five-headed hydra bites you.
The five-headed hydra bites you but does no damage.
The five-headed hydra bites you.
* * * LOW HITPOINT WARNING * * *
The hornet stings you!
* * * LOW HITPOINT WARNING * * *
A spiny frog comes into view.
The komodo dragon bites you.
The rime drake bites you but does no damage.
The hornet stings you!
* * * LOW HITPOINT WARNING * * *
The five-headed hydra bites you!
* * * LOW HITPOINT WARNING * * *
The five-headed hydra bites you.
* * * LOW HITPOINT WARNING * * *
The five-headed hydra bites you!
* * * LOW HITPOINT WARNING * * *
The five-headed hydra bites you!
You die...

≈≈# ≈≈S ≈≈≈≈
≈≈≈≈≈ #####.#.#
#.≈≈≈≈≈≈ ≈
#≈y≈≈#≈≈P≈
#k@Y≈≈≈#
#≈Dl≈≈≈≈≈≈
≈≈≈H≈$Yh(≈≈
≈8≈≈≈≈≈(m≈[P≈
≈F≈8≈≈≈≈≈?≈≈[≈≈
≈.≈≈≈≈≈≈≈[?[=≈≈
≈.≈≈≈#≈≈≈≈≈≈P≈≈
≈#≈≈P#≈≈≈#≈≈≈≈≈


You could see a merfolk avatar, a five-headed hydra, 2 elephants, a polar bear,
a komodo dragon, a spiny frog (wandering), a harpy, a rime drake, a hornet and a
water moccasin (wandering).

Vanquished Creatures
  Nessos (Lair:4)
  A yaktaur captain (D:9)
  Fannar (D:10)
  Erica (D:8)
  2 hydras
  A catoblepas (Lair:3)
  2 two-headed ogres
  Pikel (D:8)
  A deep elf mage (D:10)
  A manticore (D:11)
  10 elephants
  Maurice (D:8)
  2 cyclopes (D:12)
  2 black mambas
  Joseph (D:11)
  3 merfolk sirens (Lair:3)
  Psyche (D:9)
  13 spiny frogs
  4 komodo dragons
  2 rime drakes
  6 meliai
  2 queen bees
  5 trolls
  A merfolk (Lair:3)
  3 polar bears
  2 hornets (D:8)
  15 blink frogs
  Grinder (D:3)
  7 hippogriffs
  Sigmund (D:6)
  A water elemental (D:11)
  19 yaks
  3 wyverns (Lair:2)
  2 humans (D:12)
  A steam dragon (Lair:3)
  2 basilisks
  Grum (D:8)
  3 hungry ghosts
  2 soldier ants (D:8)
  Duvessa (D:6)
  7 porcupines
  12 water moccasins
  3 orc warriors
  7 ice beasts
  An eye of draining (D:11)
  3 black bears
  5 phantoms
  4 ogres
  24 wolves
  A necrophage (D:12)
  8 centaurs
  9 crocodiles
  Dowan (D:6)
  13 bullfrogs
  A wyvern skeleton (D:9)
  8 scorpions
  54 killer bees
  3 wights (D:12)
  5 electric eels
  5 howler monkeys
  8 crimson imps
  A centaur zombie (D:12)
  2 bullfrog zombies
  9 hounds
  A quasit (D:9)
  2 jellies (D:5)
  3 orc priests
  Crazy Yiuf (D:5)
  2 bullfrog skeletons
  A centaur skeleton (D:9)
  5 iguanas
  8 orc wizards
  3 hell rats (Lair:2)
  8 worker ants
  A killer bee zombie (D:9)
  2 hound skeletons (D:5)
  2 worker ant zombies (D:5)
  3 gnolls (D:6)
  7 adders
  4 shadow imps
  An adder zombie (D:7)
  A worm (D:3)
  5 dart slugs
  4 leopard geckos
  37 orcs
  2 ball pythons
  3 giant cockroaches
  7 goblins
  4 hobgoblins
  14 jackals
  11 kobolds
  2 quokkas
  10 bats
  5 frilled lizards
  A leopard gecko skeleton (D:8)
  A quokka skeleton (D:4)
  A quokka zombie (D:5)
  6 rats
491 creatures vanquished.

Vanquished Creatures (others)
  A slave (D:8)
  2 orc wizards (D:8)
  An orc (D:8)
  3 fungi
  3 plants (Lair:6)
10 creatures vanquished.

Grand Total: 501 creatures vanquished

Notes
Turn   | Place    | Note
-------+----------+-------------------------------------------
     0 | D:1      | namelastname112 the Vine Stalker Assassin began the quest for the Orb.
     0 | D:1      | Reached XP level 1. HP: 11/11 MP: 2/2
   125 | D:1      | Reached skill level 1 in Dodging
   125 | D:1      | Reached XP level 2. HP: 9/15 MP: 3/3
   171 | D:1      | Reached skill level 5 in Stealth
   577 | D:1      | Reached XP level 3. HP: 13/18 MP: 2/4
   988 | D:2      | epen: !lg . Lom
   988 | D:2      | beem: No keyword 'Lom'
   988 | D:2      | namelastname112: !lg epen killer=lom_lobon
   988 | D:2      | beem: 2. epen the Sensei (L27 DrTm of Cheibriados), blasted by Lom Lobon (great icy blast) in Pandemonium (lom_lobon) on 2016-05-07 18:51:37, with 845165 points after 62353 turns and 4:45:14.
  1140 | D:2      | Gained mutation: Your natural rate of healing is unusually fast. [Vine Stalker growth]
  1140 | D:2      | Reached XP level 4. HP: 10/23 MP: 3/5
  1148 | D:2      | Gained mutation: Scrolls take you a little longer to read. [potion of mutation]
  1148 | D:2      | Gained mutation: You tend to lose your temper in combat. [potion of mutation]
  1148 | D:2      | Gained mutation: You are resistant to hostile enchantments. (MR+) [potion of mutation]
  1148 | D:2      | Gained mutation: Your muscles are strong. (Str +2) [potion of mutation]
  1660 | D:3      | Found a snail-covered altar of Cheibriados.
  1741 | D:3      | Noticed Grinder
  1775 | D:3      | Paralysed by Grinder for 3 turns
  1787 | D:3      | Paralysed by Grinder for 6 turns
  1799 | D:3      | Killed Grinder
  1799 | D:3      | Reached skill level 6 in Stealth
  1799 | D:3      | Reached XP level 5. HP: 28/28 MP: 6/6
  1799 | D:3      | Reached XP level 6. HP: 32/32 MP: 7/7
  2417 | D:4      | Noticed Gorglomux's ghost (novice DDFi)
  2447 | D:4      | Noticed Menkaure
  2654 | D:4      | Noticed a phantom
  2965 | D:4      | Reached XP level 7. HP: 30/36 MP: 6/8
  3118 | D:5      | Entered Level 5 of the Dungeon
  3118 | D:5      | Found Archar's Antique Weapon Emporium.
  3122 | D:5      | Bought a dazzling dagger for 168 gold pieces
  3122 | D:5      | Identified the cursed +1 dagger of Spontaneous Combustion {pierce, Dex+7} (You bought it in a shop on level 5 of the Dungeon)
  3147 | D:5      | Found a hide-covered altar of Uskayaw.
  3208 | D:5      | Found Dyfapt's Gadget Shop.
  3257 | D:5      | Lost mutation: You are resistant to hostile enchantments. (MR+) [potion of mutation]
  3257 | D:5      | Lost mutation: Scrolls take you a little longer to read. [potion of mutation]
  3257 | D:5      | Lost mutation: Your muscles are strong. (Str +2) [potion of mutation]
  3257 | D:5      | Gained mutation: Your muscles are strong. (Str +2) [potion of mutation]
  3257 | D:5      | Gained mutation: You have a pair of small antennae on your head. [potion of mutation]
  3257 | D:5      | Gained mutation: You expend magic power (3 MP) to strengthen your wands. [potion of mutation]
  3257 | D:5      | Gained mutation: You are resistant to hostile enchantments. (MR+) [potion of mutation]
  3306 | D:5      | Reached skill level 7 in Stealth
  3315 | D:5      | Found Penlupell's Jewellery Shoppe.
  3358 | D:5      | Gained mutation: You have razor-sharp teeth. [Vine Stalker growth]
  3358 | D:5      | Reached XP level 8. HP: 42/42 MP: 9/9
  3368 | D:5      | Found Vyhau's Antique Armour Boutique.
  3568 | D:5      | Found a staircase to the Ecumenical Temple.
  3624 | D:5      | Found Sumiar's Jewellery Shop.
  3675 | D:5      | Found a runed door.
  3679 | D:5      | Noticed Crazy Yiuf
  3683 | D:5      | Killed Crazy Yiuf
  3778 | Temple   | Entered the Ecumenical Temple
  3798 | Temple   | Became a worshipper of Dithmenos the Shadowed
  3895 | D:6      | Found a sparkling altar of Nemelex Xobeh.
  3895 | D:6      | Noticed Duvessa
  3897 | D:6      | Noticed Dowan
  4210 | D:6      | Noticed Sigmund
  4224 | D:6      | Killed Sigmund
  4235 | D:6      | Reached skill level 8 in Stealth
  4332 | D:6      | Killed Duvessa
  4332 | D:6      | Reached XP level 9. HP: 32/46 MP: 10/10
  4339 | D:6      | Killed Dowan
  4339 | D:6      | Reached skill level 5 in Throwing
  4362 | D:6      | Reached skill level 5 in Fighting
  4362 | D:6      | Reached skill level 5 in Short Blades
  4619 | D:7      | Reached * piety under Dithmenos
  4720 | D:7      | Found a stormy altar of Qazlal.
  4776 | D:7      | Noticed a troll
  4784 | D:7      | Killed a troll
  4882 | D:7      | Found Ciots's Distillery.
  4897 | D:7      | Reached skill level 9 in Stealth
  4978 | D:7      | Found an ancient bone altar of Kikubaaqudgha.
  5394 | D:8      | Noticed Joseph
  5445 | D:8      | Found Dianiguz's Antique Armour Shop.
  5537 | D:8      | Noticed a hornet
  5539 | D:8      | Killed a hornet
  5539 | D:8      | Reached skill level 5 in Dodging
  5539 | D:8      | Reached XP level 10. HP: 53/53 MP: 11/11
  5627 | D:8      | Found Polulu's Assorted Antiques.
  5661 | D:8      | Found Gitib's Assorted Antiques.
  5769 | D:8      | Reached ** piety under Dithmenos
  5787 | D:8      | Found Jiruk's Gadget Emporium.
  5931 | D:8      | Noticed Pikel
  5967 | D:8      | Killed Pikel
  5967 | D:8      | Reached skill level 10 in Stealth
  6153 | D:8      | Noticed Maurice
  6219 | D:8      | Killed Maurice
  6260 | D:8      | Found a glowing golden altar of the Shining One.
  6260 | D:8      | Found a sacrificial altar of Ru.
  6323 | D:8      | Noticed Grum
  6334 | D:8      | Killed Grum
  6411 | D:8      | Noticed Erica
  6433 | D:8      | Killed Erica
  6433 | D:8      | Reached XP level 11. HP: 29/58 MP: 7/12
  6533 | D:8      | Found Iphutih's Book Boutique.
  7028 | D:9      | Reached *** piety under Dithmenos
  7151 | D:9      | Reached skill level 11 in Stealth
  7163 | D:9      | Noticed Psyche
  7184 | D:9      | Killed Psyche
  7187 | D:9      | Lost mutation: You tend to lose your temper in combat. [potion of mutation]
  7187 | D:9      | Lost mutation: You are resistant to hostile enchantments. (MR+) [potion of mutation]
  7187 | D:9      | Lost mutation: You expend magic power (3 MP) to strengthen your wands. [potion of mutation]
  7187 | D:9      | Gained mutation: You are frail. (-10% HP) [potion of mutation]
  7187 | D:9      | Gained mutation: Your flesh is cold resistant. (rC+) [potion of mutation]
  7348 | D:9      | Noticed a yaktaur captain
  7351 | D:9      | Killed a yaktaur captain
  7453 | D:10     | Entered Level 10 of the Dungeon
  7596 | D:10     | Noticed Fannar
  7640 | D:10     | Killed Fannar
  7777 | D:10     | Noticed a deep elf mage
  7906 | D:10     | Killed a deep elf mage
  8045 | D:10     | Noticed a two-headed ogre
  8052 | D:10     | Killed a two-headed ogre
  8319 | D:11     | Got a crude robe
  8330 | D:11     | Identified the +1 robe "Venearou" {Int+3} (You found it on level 11 of the Dungeon)
  8386 | D:11     | Noticed a two-headed ogre
  8449 | D:11     | Killed a two-headed ogre
  8449 | D:11     | Gained mutation: You heal very quickly. [Vine Stalker growth]
  8449 | D:11     | Reached XP level 12. HP: 57/57 MP: 8/13
  8460 | D:11     | Killed Joseph
  8460 | D:11     | Reached **** piety under Dithmenos
  8460 | D:11     | Reached skill level 12 in Stealth
  8510 | D:11     | Found a staircase to the Lair.
  9229 | D:12     | Found a staircase to the Orcish Mines.
  9321 | D:12     | Found Puecen's Magic Scroll Boutique.
  9350 | D:12     | Lost mutation: You are frail. (-10% HP) [potion of mutation]
  9350 | D:12     | Lost mutation: Your flesh is cold resistant. (rC+) [potion of mutation]
  9350 | D:12     | Gained mutation: You evolve. [potion of mutation]
  9350 | D:12     | Gained mutation: You are agile. (Dex +2) [potion of mutation]
  9350 | D:12     | Gained mutation: Your muscles are very strong. (Str +4) [potion of mutation]
  9379 | D:12     | Noticed a five-headed hydra
  9382 | D:12     | Killed a five-headed hydra
  9400 | D:12     | Found an iron altar of Okawaru.
  9711 | D:12     | Gained mutation: You are partially covered in slimy green scales. (AC +2) [evolution]
 10258 | Lair:1   | Entered Level 1 of the Lair of Beasts
 10413 | Lair:1   | Noticed a seven-headed hydra
 10849 | Lair:1   | Reached ***** piety under Dithmenos
 11308 | Lair:2   | Reached skill level 13 in Stealth
 11403 | Lair:2   | Reached XP level 13. HP: 70/70 MP: 14/14
 11854 | Lair:3   | Found a hole to the Spider Nest.
 12126 | Lair:3   | Got a brightly glowing rapier
 12127 | Lair:3   | Identified the cursed +1 rapier of Skirmishing {flame, rElec MR+ Str-5} (You found it on level 3 of the Lair of Beasts)
 12277 | Lair:3   | Found a staircase to the Shoals.
 13868 | Lair:4   | Reached ****** piety under Dithmenos
 14038 | Lair:4   | Reached skill level 10 in Throwing
 14058 | Lair:4   | Reached skill level 14 in Stealth
 14279 | Lair:4   | Reached skill level 10 in Short Blades
 14316 | Lair:4   | Reached skill level 10 in Fighting
 14358 | Lair:4   | Noticed Nessos
 14365 | Lair:4   | Killed Nessos
 14370 | Lair:4   | Reached XP level 14. HP: 77/77 MP: 15/15
 15888 | Lair:6   | Entered Level 6 of the Lair of Beasts
 16037 | Lair:6   | Slain by a five-headed hydra

Vault maps used:
D:1:      scummos_arrival_simple_fountains
D:2:      first_ration
D:3:      kennysheep_slug_shrine, kennysheep_generic_room_10, uniq_grinder
D:4:      portal_sewer_entry_f, kennysheep_pointless_box,
          minmay_misc_feat_more_columns, kennysheep_boxes, uniq_menkaure
D:5:      lemuel_doored_altar, lemuel_temple_firewalk_a, serial_shops,
          shop_statue, shop, nicolae_shop_temple_entry_statues_fountains,
          nicolae_shop_statue_plus, shop, moated_statue, uniq_crazy_yiuf_cottage
D:6:      cheibrodos_quashed, nemelex_xobeh_ov_fountains_minmay, uniq_duvessa,
          uniq_sigmund
D:7:      kennysheep_little_box, nicolae_qazlal_general_emergency, serial_shops,
          shop_statue
D:8:      gammafunk_temple_overflow_wave, serial_shops, nicolae_shop_waterfront,
          kennysheep_mini_moat, nicolae_shop_waterfront,
          nicolae_shop_waterfront, shop, hangedman_pestilent_swarm, uniq_joseph,
          uniq_erica, uniq_pikel, uniq_grum, uniq_maurice
D:9:      evilmike_minifort, uniq_psyche
D:10:     hangedman_abyss_or_decor_stagger, uniq_fannar
D:11:     erik_lair_island
D:12:     orc_0_dummy, serial_curves, eino_curves_02, eino_curves_03,
          serial_shops, shop, okawaru_humans
Temple:   nicolae_temple_elliptical
Lair:1:   fungi_pond_lemuel
Lair:2:   hangedman_what_comes_after_a
Lair:3:   elwin_shoals_entry_stream, dummy_spider_entry, st_stairs_7
Lair:4:   special_room, gammafunk_lair_bear_cave, serial_bayou_shore_b,
          grunt_megastairs_1, serial_bayou_shore_a, uniq_nessos
Lair:6:   gammafunk_lair_ancient_temple, slime_altar_1, lemuel_fruit_tree

Skill      XL: |  1  2  3  4  5  6  7  8  9 10 11 12 13 |
---------------+----------------------------------------+-----
Dodging        | 1 2 3 4 5 6 7 8 9 |  9.4
Stealth        | 5 6 7 8 9 10 11 13 14 | 14.6
Short Blades   | 2 3 4 5 6 8 9 10 | 10.4
Throwing       | 2 3 4 5 7 8 9 10 | 10.4
Fighting       | 2 3 4 5 6 8 9 10 | 10.4

Action                   |  1- 3 |  4- 6 |  7- 9 | 10-12 | 13-15 || total
-------------------------+-------+-------+-------+-------+-------++-------
Melee: Dagger            |   122 |   116 |   286 |   902 |  1035 ||  2461
       Bite              |    28 |    37 |   132 |   483 |   679 ||  1359
       Unarmed           |       |    13 |       |       |       ||    13
 Fire: Blowgun           |       |     4 |    10 |    19 |     5 ||    38
Evoke: Lightning rod     |       |       |       |     3 |     3 ||     6
       Wand              |       |       |       |       |     4 ||     4
  Use: Scroll            |       |    12 |    11 |     1 |    13 ||    37
       Potion            |       |     5 |     1 |     5 |       ||    11
 Stab: Sleeping          |    11 |     8 |    26 |    49 |    27 ||   121
       Distracted        |       |       |     4 |     3 |     4 ||    11
       Confused          |       |       |     1 |     3 |     1 ||     5
       Petrified         |       |       |       |       |     1 ||     1
  Eat: Chunk             |       |     5 |     5 |    12 |    12 ||    34
       Ration            |       |     1 |     1 |     2 |     1 ||     5
Armor: Robe              |    43 |    38 |    40 |    37 |       ||   158
       Skin              |       |    11 |       |       |       ||    11
       Troll leather arm |       |       |       |    53 |   147 ||   200
Dodge: Dodged            |    73 |    78 |   159 |   652 |  1064 ||  2026

Table legend:
 A = Spawn XP
 B = Non-spawn XP
 C = Spawn XP percentage of total XP
 D = Spawn monster count
 E = Non-spawn monster count
 F = Spawn count percentage of total count
 G = Total turns spent on level
                    A         B        C        D         E        F      G
               +---------+---------+-------+---------+---------+-------+---------
         Total |       0 |   65289 |   0.0 |       0 |     491 |   0.0 | 16037
               +---------+---------+-------+---------+---------+-------+---------
           D:1 |       0 |      53 |   0.0 |       0 |      29 |   0.0 |   853
           D:2 |       0 |      44 |   0.0 |       0 |      18 |   0.0 |   634
           D:3 |       0 |     357 |   0.0 |       0 |      22 |   0.0 |   845
           D:4 |       0 |     231 |   0.0 |       0 |      11 |   0.0 |   807
           D:5 |       0 |     742 |   0.0 |       0 |      22 |   0.0 |   778
           D:6 |       0 |    1314 |   0.0 |       0 |      18 |   0.0 |   610
           D:7 |       0 |    1515 |   0.0 |       0 |      27 |   0.0 |   821
           D:8 |       0 |    5343 |   0.0 |       0 |      47 |   0.0 |  1315
           D:9 |       0 |    3553 |   0.0 |       0 |      28 |   0.0 |   783
          D:10 |       0 |    3485 |   0.0 |       0 |      20 |   0.0 |   555
          D:11 |       0 |    7071 |   0.0 |       0 |      47 |   0.0 |  1354
          D:12 |       0 |    3624 |   0.0 |       0 |      22 |   0.0 |   872
        Lair:1 |       0 |    1420 |   0.0 |       0 |       7 |   0.0 |   965
        Lair:2 |       0 |    9259 |   0.0 |       0 |      65 |   0.0 |  1144
        Lair:3 |       0 |    7672 |   0.0 |       0 |      24 |   0.0 |  1159
        Lair:4 |       0 |   10026 |   0.0 |       0 |      52 |   0.0 |  1334
        Lair:5 |       0 |    7474 |   0.0 |       0 |      24 |   0.0 |  1028
        Lair:6 |       0 |    2106 |   0.0 |       0 |       8 |   0.0 |   149
               +---------+---------+-------+---------+---------+-------+---------
